 Dungeon Crawl Stone Soup version 0.26-b1-45-g23770d1d51 (webtiles) character file.

Game seed: 10755761007953186983

12462 raceaflais the Basher (level 11, 0/97 HPs)
             Began as a Minotaur Fighter on Jan 6, 2021.
             Was a Priest of Makhleb.
             Succumbed to Rupert's poison
             ... on level 12 of the Dungeon.
             The game lasted 00:46:20 (13596 turns).

raceaflais the Basher (Minotaur Fighter)           Turns: 13596, Time: 00:46:20

Health: 0/97       AC: 17    Str: 24    XL:     11   Next: 62%
Magic:  10/10      EV:  7    Int:  5    God:    Makhleb [***...]
Gold:   192        SH: 18    Dex: 12    Spells: 10/10 levels left

rFire    + + .     SeeInvis .   x - +6 mace of Ikhet {freeze, rElec rC+ Dex-4}
rCold    + + .     Faith    .   M - +0 tower shield
rNeg     . . .     Spirit   .   p - +0 plate armour
rPois    .         Reflect  .   (helmet restricted)
rElec    +         Harm     .   S - scarf {rC+ rF+}
rCorr    .         Rampage  .   q - +0 pair of gloves
Will     .....                  R - +0 pair of boots (curse)
Stlth    ..........             (no amulet)
HPRegen  0.26/turn              s - ring of protection from fire
MPRegen  0.12/turn              y - +6 ring of dexterity

@: brilliant, lethally poisoned (0 -> -33), berserk cooldown, flying, slowed,
very slow
A: retaliatory headbutt, horns 2
a: Renounce Religion, Minor Destruction, Lesser Servant of Makhleb


You were on level 12 of the Dungeon.
You worshipped Makhleb.
Makhleb was most pleased with you.
You visited 2 branches of the dungeon, and saw 13 of its levels.

You collected 720 gold pieces.
You spent 528 gold pieces at shops.

Inventory:

Hand Weapons
 a - a +0 war axe of flaming
 d - a +5 falchion of freezing
 l - a +0 great sword
 o - a +3 long sword
 r - a +1 vorpal hand crossbow
 w - a +0 dire flail
 x - the +6 mace of Ikhet (weapon) {freeze, rElec rC+ Dex-4}
   (You found it on level 8 of the Dungeon)

   It has been specially enchanted to freeze those struck by it, causing extra
   injury to most foes and up to half again as much damage against particularly
   susceptible opponents.
   It can also slow down cold-blooded creatures.
   It affects your dexterity (-4).
   It protects you from cold.
   It insulates you from electricity.
 G - a +4 shortbow
Missiles
 e - 269 stones
 h - 9 boomerangs (quivered)
 j - 202 arrows
 n - 38 sling bullets
 t - 2 throwing nets
 z - 7 atropa-tipped darts
 D - 36 bolts
 J - 18 poisoned darts
Armour
 b - the +4 scale mail of Inaction {*Slow rPois rF- rN++}
   (You bought it in a shop on level 9 of the Dungeon)

   It makes you vulnerable to fire.
   It protects you from poison.
   It greatly protects you from negative energy.
   It may slow you when you take damage.
 p - a +0 plate armour (worn)
 q - a +0 pair of gloves (worn)
 E - a +2 cloak
 M - a +0 tower shield (worn)
 R - a cursed +0 pair of boots (worn)
 S - a scarf of resistance (worn)
Magical Staves
 C - an uncursed staff of death
 K - an uncursed staff of fire
Jewellery
 s - a ring of protection from fire (left hand)
 y - a +6 ring of dexterity (right hand)
 I - an uncursed ring of magical power
 T - an uncursed amulet of magic regeneration
Wands
 m - a wand of digging (4)
 v - a wand of iceblast (9)
 A - a wand of flame (10)
 H - a wand of disintegration (14)
 L - a wand of random effects (27)
Scrolls
 c - 2 scrolls of enchant weapon
 g - a scroll of identify
 i - 7 scrolls of remove curse
 B - 2 scrolls of teleportation
 F - 2 scrolls of noise
 U - a scroll of blinking
 V - a scroll of vulnerability
Potions
 k - 2 potions of attraction
 N - a potion of heal wounds
 O - a potion of curing
Miscellaneous
 u - a condenser vane


   Skills:
 + Level 9.3 Fighting
 + Level 8.1(10.7) Axes
 + Level 11.2(12.2) Maces & Flails
 + Level 2.2 Throwing
 + Level 9.5 Armour
 + Level 5.5 Dodging
 + Level 1.1 Stealth
 + Level 11.0 Shields
 + Level 1.2 Evocations


You had 10 spell levels left.
You didn't know any spells.
Your spell library contained the following spells:

 Spells                   Type           Power        Failure   Level
 Animate Skeleton         Necr           0%           100%        1
 Apportation              Tloc           0%           100%        1
 Corona                   Hex            0%           100%        1
 Summon Small Mammal      Summ           0%           100%        1
 Poisonous Vapours        Pois/Air       0%           100%        2
 Conjure Flame            Conj/Fire      0%           100%        3
 Mephitic Cloud           Conj/Pois/Air  0%           100%        3
 Freezing Cloud           Conj/Ice/Air   0%           100%        6


Dungeon Overview and Level Annotations

Branches:
Dungeon (12/15)            Temple (1/1) D:4            Lair (0/6) D:9
    Orc (0/2) D:9

Altars:
Ashenzari
Cheibriados
Dithmenos
Elyvilon
Fedhas
Gozag
Hepliaklqana
Kikubaaqudgha
Makhleb
Nemelex Xobeh
Okawaru
Qazlal
Ru
Sif Muna
Trog
Uskayaw
Vehumet
Wu Jian
Xom
Yredelemnul
Zin
The Shining One
Lugonu

Shops:
D:5 **   D:8 }   D:9 !?[*}

Annotations:
D:12 Rupert


Innate Abilities, Weirdness & Mutations

You reflexively headbutt those who attack you in melee.
You have a pair of horns on your head.


Message History

The wraith hits you but does no damage. The vampire mosquito barely misses you.
You feel sick. The vampire mosquito barely misses you. The cyclops hits you!
* * * LOW HITPOINT WARNING * * *
Rupert hits you with a +2 battleaxe of venom!
* * * LOW HITPOINT WARNING * * *
You are lethally poisoned!
You feel a strong urge to attack something.
You feel less confused.
* * * LOW HITPOINT WARNING * * *
You feel very sick.
You block the vampire mosquito's attack.
* * * LOW HITPOINT WARNING * * *
You feel sick.
You hear a horrible gurgling sound!
You feel your anger nearly subside.
You are no longer berserk.
You are exhausted.
You feel yourself slow down.
* * * LOW HITPOINT WARNING * * *
You feel sick.
You die...

##'# ##### +##
#...##...##..##
#............?.
#...O†.........
#.....(C.##..##
#.....9yW##
#.....@...#
#.........#
#.....@...# .#
#.........+ ..#
#........##..#
#..[.....##..##
#.........>....
#.^))).........
#..............
#..............
#.<..........##


You could see Rupert (berserk), a two-headed ogre, a cyclops, a wraith, a
vampire mosquito and a gargoyle.

Vanquished Creatures
  A boulder beetle (D:12)
  4 two-headed ogres
  3 death yaks (D:9)
  A troll (D:8)
  4 slime creatures (D:12)
  Grinder (D:5)
  3 yaks (D:9)
  A wyvern (D:8)
  Eustachio (D:5)
  A vampire mosquito (D:12)
  A soldier ant (D:12)
  Edmund (D:5)
  A water moccasin (D:8)
  Duvessa (D:7)
  4 sky beasts
  2 ice beasts
  5 phantoms
  3 black bears
  2 orc warriors
  5 ogres
  A necrophage (D:8)
  5 centaurs
  A big kobold (D:9)
  4 bullfrogs
  A wyvern skeleton (D:10)
  Dowan (D:7)
  3 scorpions
  4 killer bees
  A howler monkey (D:6)
  10 wights
  A crimson imp (D:6)
  A bullfrog zombie (D:10)
  3 orc priests
  5 hounds
  A gnoll shaman (D:8)
  4 jellies
  2 bullfrog skeletons
  A centaur skeleton (D:11)
  6 iguanas
  6 orc wizards
  7 worker ants
  A hound zombie (D:5)
  11 gnolls
  14 adders
  3 white imps
  4 ufetubi
  An ooze (D:3)
  3 adder skeletons
  2 adder zombies
  5 worms
  4 dart slugs
  3 leopard geckos
  36 orcs
  6 bats
  3 giant cockroaches
  5 goblins
  8 hobgoblins
  7 jackals
  3 quokkas
  2 ball pythons
  2 frilled lizards
  9 kobolds
  A leopard gecko skeleton (D:7)
  A quokka skeleton (D:4)
  6 rats
  A spectral orc (D:5)
254 creatures vanquished.

Vanquished Creatures (others)
  2 plants (D:3)
2 creatures vanquished.

Grand Total: 256 creatures vanquished

Notes
Turn   | Place    | Note
-------+----------+-------------------------------------------
     0 | D:1      | raceaflais the Minotaur Fighter began the quest for the
                  | Orb.
     0 | D:1      | Reached XP level 1. HP: 19/19 MP: 0/0
   330 | D:1      | Reached XP level 2. HP: 27/27 MP: 1/1
   966 | D:2      | Found a shadowy altar of Dithmenos.
   986 | D:2      | Reached XP level 3. HP: 30/33 MP: 2/2
  1462 | D:2      | Found an ancient bone altar of Kikubaaqudgha.
  1462 | D:2      | Found an ornate altar of the Wu Jian Council.
  1676 | D:3      | Reached XP level 4. HP: 37/40 MP: 3/3
  1677 | D:3      | Noticed an ogre
  1686 | D:3      | Killed an ogre
  1687 | D:3      | Reached XP level 5. HP: 35/46 MP: 4/4
  1901 | D:3      | Reached skill level 5 in Axes
  2140 | D:3      | Reached skill level 1 in Throwing
  2141 | D:3      | Reached XP level 6. HP: 43/53 MP: 5/5
  2340 | D:3      | Reached skill level 5 in Shields
  2822 | D:3      | You fall into a shaft and drop 1 floor!
  3069 | D:4      | Reached skill level 1 in Dodging
  3326 | D:4      | Found a staircase to the Ecumenical Temple.
  3336 | Temple   | Entered the Ecumenical Temple
  3859 | D:5      | Entered Level 5 of the Dungeon
  3896 | D:5      | Found Xeifiamp's Assorted Antiques.
  3963 | D:5      | Found a basalt altar of Yredelemnul.
  4007 | D:5      | Noticed Grinder
  4011 | D:5      | Paralysed by Grinder for 4 turns
  4032 | D:5      | Reached skill level 5 in Armour
  4032 | D:5      | Reached XP level 7. HP: 44/60 MP: 6/6
  4123 | D:5      | Found a sparkling altar of Nemelex Xobeh.
  4150 | D:5      | Killed Grinder
  4151 | D:5      | Reached skill level 5 in Fighting
  4163 | D:5      | Found a broken altar of Ashenzari.
  4423 | D:5      | Found a hide-covered altar of Uskayaw.
  4444 | D:5      | Noticed Eustachio
  4502 | D:5      | Killed Eustachio
  4582 | D:5      | Found a shimmering blue altar of Sif Muna.
  4772 | D:5      | Noticed Edmund
  4787 | D:5      | Killed Edmund
  4788 | D:5      | Reached XP level 8. HP: 45/68 MP: 7/7
  4910 | D:5      | Found Lametad's Lightly-Used Armoury.
  5123 | D:6      | Reached skill level 1 in Maces & Flails
  5275 | D:6      | Found a radiant altar of Vehumet.
  5276 | D:6      | Found a burning altar of Makhleb.
  5296 | D:6      | Became a worshipper of Makhleb the Destroyer
  5354 | D:6      | Found a glowing silver altar of Zin.
  6158 | D:7      | Noticed Duvessa
  6158 | D:7      | Noticed Dowan
  6165 | D:7      | Killed Dowan
  6166 | D:7      | Reached XP level 9. HP: 75/75 MP: 8/8
  6170 | D:7      | Killed Duvessa
  6170 | D:7      | Reached * piety under Makhleb
  6370 | D:7      | Reached skill level 5 in Maces & Flails
  6728 | D:7      | Found a stormy altar of Qazlal.
  7240 | D:8      | Reached skill level 1 in Stealth
  7356 | D:8      | Got a translucent mace
  7357 | D:8      | Identified the +6 mace of Ikhet {freeze, rElec rC+ Dex-4}
                  | (You found it on level 8 of the Dungeon)
  7569 | D:8      | Reached skill level 5 in Dodging
  7647 | D:8      | Found a snail-covered altar of Cheibriados.
  7696 | D:8      | Found Amiedy's Gadget Shoppe.
  8185 | D:8      | Found a shimmering altar of Xom.
  8297 | D:9      | Noticed a two-headed ogre
  8663 | D:9      | Found a staircase to the Orcish Mines.
  8683 | D:9      | Noticed a two-headed ogre
  8683 | D:9      | Noticed a troll
  8717 | D:8      | Killed a troll
  8718 | D:8      | Reached XP level 10. HP: 46/86 MP: 9/9
  8893 | D:9      | Killed a two-headed ogre
  9219 | D:9      | Reached ** piety under Makhleb
  9283 | D:9      | Found an iron altar of Okawaru.
  9310 | D:9      | Killed a two-headed ogre
  9318 | D:9      | Noticed a death yak
  9322 | D:9      | Noticed a death yak
  9322 | D:9      | Noticed a death yak
  9332 | D:9      | Killed a death yak
  9858 | D:9      | Found Rach's Gadget Shoppe.
  9870 | D:9      | You fall into a shaft and drop 1 floor!
  9870 | D:10     | Entered Level 10 of the Dungeon
 10151 | D:10     | Reached skill level 1 in Evocations
 10159 | D:10     | Noticed a two-headed ogre
 10166 | D:10     | Killed a two-headed ogre
 10670 | D:9      | Found Leejiyd's Magic Scroll Boutique.
 10670 | D:9      | Found Zexuam's Distillery.
 10682 | D:9      | Killed a death yak
 10683 | D:9      | Reached XP level 11. HP: 95/95 MP: 10/10
 11399 | D:9      | Found a staircase to the Lair.
 11421 | D:9      | Reached skill level 10 in Shields
 11430 | D:9      | Killed a death yak
 11431 | D:9      | Reached skill level 10 in Maces & Flails
 11594 | D:9      | Got a tattered robe
 11633 | D:9      | Found a bloodstained altar of Trog.
 11680 | D:9      | Found Pyntaps's General Store.
 11720 | D:9      | Found Sezavy's Antique Armour Boutique.
 11875 | D:9      | Bought a potion of curing for 33 gold pieces
 11875 | D:9      | Bought a potion of curing for 33 gold pieces
 11875 | D:9      | Bought a potion of might for 44 gold pieces
 11875 | D:9      | Bought a potion of flight for 33 gold pieces
 11882 | D:9      | Bought a scroll of enchant armour for 75 gold pieces
 11882 | D:9      | Bought 2 scrolls of identify for 40 gold pieces
 12268 | D:9      | Bought a brightly glowing scale mail for 270 gold pieces
 12268 | D:9      | Identified the +4 scale mail of Inaction {*Slow rPois rF-
                  | rN++} (You bought it in a shop on level 9 of the Dungeon)
 12566 | D:11     | Noticed a two-headed ogre
 12580 | D:11     | Killed a two-headed ogre
 12582 | D:11     | Reached *** piety under Makhleb
 13142 | D:12     | Noticed a cyan ugly thing
 13220 | D:12     | Noticed a boulder beetle
 13476 | D:12     | Killed a boulder beetle
 13580 | D:12     | Noticed Rupert
 13589 | D:12     | Noticed a two-headed ogre
 13596 | D:12     | Succumbed to Rupert's poison

Illustrated notes

Levels and vault maps discovered:
D:1:      scummos_arrival_simple_crosswalls, layout_basic
D:2:      layout_loops_ring, grunt_dithmenos_smoke_and_mirrors,
          gammafunk_temple_overflow_pools, minmay_misc_feat_pillars
D:3:      layout_basic, serial_forest, infiniplex_forest_zigzag_1,
          infiniplex_forest_clump_medium, infiniplex_forest_straight_1,
          infiniplex_forest_lined_3, infiniplex_forest_3_way,
          infiniplex_forest_lined_2, infiniplex_forest_lined_3,
          infiniplex_forest_end_2, infiniplex_forest_lined_room_2,
          minmay_cut_off
D:4:      layout_basic, minmay_temple_entry_trees
D:5:      layout_loops_ring, ashenzari_conservatory_becter,
          yredelemnul_forgotten_temple_becter, lemuel_round_altar,
          marbit_many_paths, general_overflow_altar, serial_shops,
          nicolae_shop_waterfront, minmay_shop_damaged, uniq_eustachio,
          uniq_grinder, uniq_edmund
D:6:      layout_basic, grunt_temple_overflow_lords_of_destruction,
          overflow_temple_1_default
D:7:      layout_cave_pods, nicolae_qazlal_eye_of_the_storm, uniq_duvessa
D:8:      layout_basic, old_standard_altar, cheibrodos_worm_habitat,
          serial_shops, nicolae_shop_statue_plus
D:9:      layout_roguey, nicolae_overflow_hidden_temple,
          overflow_temple_1_default, dpeg_lair_monsters, orc_0_dummy,
          serial_shops, kennysheep_mini_moat, shop, nicolae_shop_crystal, shop,
          nicolae_shop_trees, lightli_orcish_oven
D:10:     layout_basic, minmay_misc_feat_roman, corexii_hall_statues_t
D:11:     layout_basic
D:12:     layout_gridville, uniq_fannar, uniq_rupert
Temple:   corrupted_temple

Skill      XL: |  1  2  3  4  5  6  7  8  9 10 11 |
---------------+----------------------------------+-----
Armour         | 4 5 6 7 8 9 |  9.5
Shields        | 4 5 6 7 9 11 | 11.0
Fighting       | 4 5 7 8 9 |  9.3
Axes           | 3 4 5 6 7 8 |  8.1
Throwing       | 1 2 |  2.2
Dodging        | 1 2 4 5 |  5.5
Maces & Flails | 4 7 9 11 | 11.2
Stealth        | 1 |  1.1
Evocations     | 1 |  1.2

Action                   |  1- 3 |  4- 6 |  7- 9 | 10-12 || total
-------------------------+-------+-------+-------+-------++-------
Melee: War axe           |    80 |   135 |    80 |       ||   295
       Headbutt          |    10 |    27 |    70 |    77 ||   184
       Flail             |       |       |   195 |       ||   195
       Mace              |       |       |    71 |   307 ||   378
Throw: Stone             |    22 |     7 |       |       ||    29
       Boomerang         |       |    37 |       |       ||    37
Evoke: Wand              |       |       |     4 |     1 ||     5
  Use: Potion            |     1 |     6 |    16 |     9 ||    32
       Scroll            |       |    10 |     8 |    15 ||    33
Armor: Scale mail        |    34 |    64 |   183 |       ||   281
       Plate armour      |       |       |    29 |   142 ||   171
       Skin              |       |       |    19 |       ||    19
Dodge: Dodged            |    17 |    53 |   177 |    73 ||   320
Block: Kite shield       |    39 |    79 |   274 |   102 ||   494
       Tower shield      |       |       |       |   144 ||   144
